 Dungeon Crawl Stone Soup version 0.17-a0-1468-gbf503c2 (webtiles) character file.

687 pulse the Chopper (level 7, -1/55 HPs)
             Began as a Formicid Berserker on July 1, 2015.
             Was a Priest of Trog.
             Slain by a centaur zombie (2 damage)
             ... on level 5 of the Dungeon.
             The game lasted 00:11:01 (6266 turns).

pulse the Chopper (Formicid Berserker)              Turns: 6266, Time: 00:11:02

Health: -1/55      AC:  6    Str: 24    XL:     7   Next: 94%
Magic:  7/7        EV:  9    Int:  6    God:    Trog [***...]
Gold:   289        SH:  3    Dex: 10    Spells: 0 memorised, 6 levels left

rFire  . . .     SeeInvis +     i - +3 flail
rCold  + . .     Clarity  .     r - +0 ring mail (curse)
rNeg   . . .     SustAt   .     b - +0 buckler
rPois  .         Gourm    .     (helmet unavailable)
rElec  .         Spirit   .     (no cloak)
rCorr  .         Warding  .     (no gloves)
rMut   .         Stasis   +     l - +0 pair of boots
MR     +++..                    (no amulet)
Stlth  ..........               (no ring)
                                d - ring of protection from cold

@: regenerating, very heavily drained, extremely resistant to hostile
enchantments, extremely unstealthy
A: permanent stasis, dig shafts and tunnels, four strong arms, antennae 3, magic
resistance 1, wild magic 1
a: Dig, Shaft Self, Burn Spellbooks, Trog's Hand, Renounce Religion


You were on level 5 of the Dungeon.
You worshipped Trog.
Trog was most pleased with you.
You were not hungry.

You visited 1 branch of the dungeon, and saw 5 of its levels.

You collected 289 gold pieces.

Inventory:

Hand weapons
 a - a +0 hand axe
 i - a +3 flail (weapon)
Armour
 b - a +0 buckler (worn)
 l - a +0 pair of boots (worn)
 r - a cursed +0 ring mail (worn)
Jewellery
 d - a ring of protection from cold (left hand)
 s - an uncursed amulet of rage {unknown}
Scrolls
 e - a scroll of fear {unknown}
 g - 3 scrolls of teleportation
 h - 4 scrolls of remove curse
 j - 3 scrolls of noise
 k - 3 scrolls of identify
 n - a scroll of amnesia {unknown}
 p - 4 scrolls of magic mapping
Potions
 f - a potion of brilliance
Comestibles
 c - 3 bread rations


   Skills:
 + Level 4.9(0.7) Fighting
 * Level 7.0(2.6) Axes
 + Level 3.5(0.0) Armour
 - Level 1.7(0.0) Dodging
 * Level 2.9(0.0) Shields


You had 6 spell levels left.
You didn't know any spells.

Dungeon Overview and Level Annotations

Branches:
Dungeon (5/15)
 Temple: D:4-7

Altars:
Cheibriados
Dithmenos
Gozag
Nemelex Xobeh
Ru
Vehumet
Xom

Shops:
D:5 [

Annotations:
D:5 pulse's ghost, experienced FoBe


Innate Abilities, Weirdness & Mutations

You are under a permanent stasis effect.
You can dig through walls and to a lower floor.
Your four strong arms can wield two-handed weapons with a shield.
You have a pair of large antennae on your head (SInv).
You are resistant to hostile enchantments.
Your spells are a little harder to cast, but a little more powerful.


Message History

Read which item? (? for menu, Esc to quit)
As you read the scroll labeled JOACKI QARU, it crumbles to dust.
It is a scroll of recharging.
You aren't carrying any rechargeable items.
The orc priest hits you but does no damage.
The centaur zombie hits you.
* * * LOW HITPOINT WARNING * * *
The orc hits you with an enchanted flail.
* * * LOW HITPOINT WARNING * * *
The orc priest hits you.
* * * LOW HITPOINT WARNING * * *
Use which ability? (? or * to list)
Your skin crawls.
You feel resistant to hostile enchantments.
You feel slightly more hungry. The centaur zombie closely misses you.
The orc priest hits you but does no damage.
The orc hits you with an enchanted flail.
* * * LOW HITPOINT WARNING * * *
You block the orc priest's attack. The centaur zombie hits you.
You die...

...#'#####.......#......#
...+.............#......#
...#.............#......#
...#.............+......#########
...###'###.......#..............#
+###....##.......#..............#
.................#..............#
...............Zo#..............#
................@'o.............#
................o#..............#
.......†##...###########........#
####...∩##...# #.o......#
...#....+....# #........#
...#'#####...# { #.{......#
.........#...# #........#
.........'...# #........#
.........###


You could see 2 orc priests, an orc and a centaur zombie.

Vanquished Creatures
  Sigmund (D:3)
  A sky beast (D:3)
  2 ogres
  2 crimson imps
  An orc priest (D:3)
  An iguana (D:4)
  3 adders
  An adder zombie (D:5)
  A worm (D:4)
  5 giant geckos
  14 orcs
  A ball python (D:1)
  11 bats
  A bat skeleton (D:4)
  7 hobgoblins
  7 jackals (D:1)
  13 kobolds
  3 giant cockroaches
  5 giant newts
  6 goblins
  8 rats
94 creatures vanquished.

Notes
Turn   | Place    | Note
--------------------------------------------------------------
     0 | D:1      | pulse the Formicid Berserker began the quest for the Orb.
     0 | D:1      | Reached XP level 1. HP: 18/18 MP: 1/1
   503 | D:1      | Reached XP level 2. HP: 9/24 MP: 2/2
   997 | D:1      | Reached skill level 4 in Axes
   997 | D:1      | Reached XP level 3. HP: 12/29 MP: 3/3
  1268 | D:1      | Acquired Trog's second power
  2192 | D:2      | Found a sacrificial altar of Ru.
  2197 | D:2      | Reached XP level 4. HP: 32/35 MP: 4/4
  3060 | D:3      | Noticed Sigmund
  3062 | D:3      | Gained mutation: You are resistant to hostile enchantments. [potion of mutation]
  3062 | D:3      | Gained mutation: Your spells are a little harder to cast, but a little more powerful. [potion of mutation]
  3083 | D:3      | Killed Sigmund
  3083 | D:3      | Reached skill level 5 in Axes
  3083 | D:3      | Reached skill level 1 in Shields
  3083 | D:3      | Reached XP level 5. HP: 15/42 MP: 5/5
  3083 | D:3      | Reached XP level 6. HP: 17/48 MP: 6/6
  3320 | D:3      | Reached skill level 6 in Axes
  3389 | D:3      | Noticed a sky beast
  3404 | D:3      | Killed a sky beast
  3404 | D:3      | Reached XP level 7. HP: 7/54 MP: 7/7
  4032 | D:4      | Found an opulent altar of Gozag.
  4033 | D:4      | Found a snail-covered altar of Cheibriados.
  4039 | D:4      | Found a shadowy altar of Dithmenos.
  4047 | D:4      | Found a shimmering altar of Xom.
  4047 | D:4      | Found a sparkling altar of Nemelex Xobeh.
  5061 | D:5      | Entered Level 5 of the Dungeon
  5150 | D:5      | Found a radiant altar of Vehumet.
  5231 | D:5      | Noticed pulse's ghost (experienced FoBe)
  5756 | D:5      | Found Zereg's Armour Shoppe.
  5959 | D:5      | Reached skill level 7 in Axes
  6266 | D:5      | HP: 1/55 [orc/enchanted flail (3)]
  6266 | D:5      | Slain by a centaur zombie

Vault maps used:
D:1:      sevenhm_arrival_forest_fort_large_2, st_stairs_12,
          minmay_misc_feat_iff, minmay_misc_feat_x
D:2:      overflow_temple_1_default, first_bread
D:3:      hex_medium, uniq_sigmund
D:4:      grunt_temple_overflow_open
D:5:      nicolae_overflow_crystal_walls, serial_shops, shop,
          uniq_crazy_yiuf_cottage

Action                   |  1- 3 |  4- 6 |  7- 9 || total
-------------------------+-------+-------+-------++-------
Melee: Hand axe          |   117 |   106 |       ||   223
       Flail             |       |    12 |   131 ||   143
Invok: Trog's Hand       |       |     2 |     1 ||     3
  Use: Potion            |     1 |     7 |       ||     8
       Scroll            |       |       |     6 ||     6
 Stab: Sleeping          |     1 |       |       ||     1
  Eat: Chunk             |     3 |     3 |     5 ||    11
       Royal jelly       |       |     1 |       ||     1
       Bread ration      |       |       |     1 ||     1
       Beef jerky        |       |       |     1 ||     1
